Map: Dusk Towers

Players

PCbrO

  • Race: Zerg Zerg
  • League: Master

Miszu - Winner!

  • Race: Terran Terran
  • League: Master

VOD

Have the link to the VOD?

Description

Time

  • Played on: June 13, 2016, 1:10 p.m.
  • Length: 12:11
Show
View Real Time Build Order
Export as new Build Order

PCbrO Zerg 

Build Orders: Hatch First 

Get SALT Encoding   

  12  0:01  Drone  
  13  0:12  Overlord  
  13  0:17  Drone  
  14  0:31  Drone x2  
  14  0:34  Drone  
  17  0:52  Hatchery  
  17  0:56  Drone  
  17  0:58  Drone  
  18  1:13  Spawning Pool  
  18  1:15  Drone  
  18  1:18  Drone  
  19  1:28  Overlord  
  19  1:41  Drone  
  20  1:55  Hatchery  
  20  2:00  Zergling x2, Queen  
  22  2:02  Zergling x2  
  23  2:10  Queen  
  25  2:16  Drone x2  
  25  2:20  Drone  
  28  2:26  Drone x2  
  30  2:35  Queen  
  32  2:41  Drone  
  33  2:49  Queen  
  35  2:53  Overlord  
  35  3:06  Drone  
  35  3:07  Drone x4  
  35  3:11  Queen  
  42  3:13  Drone x3  
  42  3:15  Extractor  
  44  3:23  Extractor  
  44  3:26  Drone x5  
  48  3:29  Extractor  
  48  3:43  Roach Warren  
  48  3:45  Overlord x2  
  47  3:57  Overlord x2  
  47  4:00  Drone x3  
  50  4:03  Drone x5  
  50  4:09  Drone  
  58  4:10  Drone x2  
  58  4:23  Roach x2  
  58  4:24  Roach, Evolution Chamber  
  63  4:25  Evolution Chamber  
  63  4:26  Drone x4  
  66  4:32  Drone x2  
  68  4:40  Drone x4  
  72  4:50  Drone x5  
  72  4:52  Zerg Missile Weapons Level 1  
  77  4:54  Zerg Ground Armor Level 1  
  77  4:57  Extractor  
  77  4:58  Extractor  
  75  5:00  Drone x2  
  75  5:01  Drone x2  
  75  5:03  Drone x2  
  81  5:08  Extractor  
  81  5:10  Roach  
  81  5:11  Overlord x4  
  82  5:22  Lair  
  82  5:29  Extractor  
  82  5:31  Roach x4  
  82  5:33  Roach  
  82  5:35  Zergling x12, Roach  
  99  5:48  Metabolic Boost  
  99  5:50  Roach  
  99  5:51  Roach x3  
  99  5:56  Drone  
  108  5:58  Drone  
  108  6:00  Hatchery  
  108  6:03  Drone x4  
  112  6:07  Baneling Nest  
  112  6:10  Overlord x4  
  111  6:13  Roach  
  113  6:19  Overseer  
  113  6:24  Glial Reconstitution  
  113  6:29  Roach x9  
  131  6:36  Drone x2  
  131  6:37  Spire  
  131  6:38  Drone  
  133  6:50  Centrifical Hooks  
  133  6:53  Baneling x8  
  133  6:55  Zergling x10  
  133  6:58  Overlord x4  
  136  7:19  Roach  
  136  7:20  Roach x9  
  156  7:25  Zerg Melee Weapons Level 1, Zerg Missile Weapons Level 2  
  154  7:38  Roach x10  
  164  7:48  Corruptor  
  164  7:55  Zergling x12  
  170  8:01  Queen  
  170  8:03  Queen  
  174  8:19  Zergling x4  
  176  8:21  Overlord x3  
  176  8:22  Overlord x3  
  176  8:23  Overlord x3, Hatchery  
  176  8:24  Baneling x4  
  176  8:25  Baneling  
  175  8:39  Queen  
  175  8:41  Zergling x20  
  186  8:56  Zergling x12  
  192  9:07  Baneling  
  192  9:08  Baneling x7  
  192  9:09  Baneling  
  191  9:10  Baneling x5  
  191  9:12  Zergling x10  
  191  9:13  Zergling x4  
  191  9:15  Baneling  
  191  9:16  Baneling x13  
  197  9:43  Zergling x6  
  86  10:21  Mutalisk x2  
  86  10:22  Mutalisk x14  
  86  10:25  Zergling x2  
  86  10:26  Zergling x6  
  118  10:40  Zergling x16  
  126  10:49  Zergling x16  
  134  10:52  Baneling x2  
  134  10:53  Baneling x12  
  132  10:59  Zergling x8  
  136  11:15  Zergling x2  
  136  11:16  Zergling x28  
  149  11:25  Baneling x8  
  127  11:40  Baneling x6  
  127  11:42  Zergling x8  
  127  11:43  Zergling x10  
Show
View Real Time Build Order
Export as new Build Order

Miszu Terran - Winner!

Build Orders: Reaper Expand, Bio Tank 

Get SALT Encoding   

  12  0:01  SCV  
  13  0:16  SCV  
  13  0:19  Supply Depot  
  15  0:28  SCV  
  15  0:42  SCV  
  16  0:43  Barracks  
  16  0:47  Refinery  
  16  0:54  SCV  
  17  1:06  SCV  
  18  1:19  SCV  
  19  1:31  Orbital Command  
  19  1:32  Reaper  
  20  1:43  Command Center  
  20  1:57  Supply Depot, SCV  
  21  2:04  Marine  
  22  2:08  Factory  
  22  2:10  SCV  
  23  2:22  SCV  
  24  2:24  Barracks Reactor  
  24  2:40  SCV  
  24  2:43  Command Center  
  25  2:56  SCV, Orbital Command  
  26  3:06  Hellion x2, Barracks Tech Lab  
  26  3:08  SCV  
  31  3:24  Marine  
  31  3:25  Stimpack  
  32  3:27  SCV  
  32  3:28  SCV  
  33  3:36  Refinery  
  33  3:38  Factory Reactor  
  33  3:39  SCV  
  33  3:40  SCV  
  35  3:42  Barracks  
  35  3:43  Marine, Barracks  
  36  3:51  SCV  
  36  3:52  SCV  
  38  3:58  Engineering Bay x2  
  38  4:00  Orbital Command  
  38  4:01  Marine  
  39  4:03  SCV  
  39  4:04  SCV  
  41  4:11  Refinery  
  41  4:12  Refinery  
  41  4:15  SCV  
  42  4:17  SCV  
  42  4:18  Marine  
  44  4:28  SCV  
  45  4:32  Terran Infantry Weapons Level 1  
  45  4:33  Orbital Command  
  45  4:34  Terran Infantry Armor Level 1, SCV  
  46  4:40  Marine, SCV  
  48  4:46  SCV  
  48  4:47  Starport, Factory Reactor  
  48  4:50  Marine x4  
  48  4:52  SCV  
  54  4:58  Supply Depot  
  54  4:59  SCV  
  55  5:00  SCV  
  55  5:02  Marine  
  55  5:04  SCV  
  58  5:07  Marine  
  58  5:08  Marine  
  58  5:11  SCV  
  61  5:15  Armory  
  61  5:19  Barracks, SCV x2  
  63  5:23  Barracks, SCV  
  63  5:26  Supply Depot  
  64  5:31  Supply Depot, Combat Shields  
  64  5:33  SCV  
  64  5:34  SCV  
  64  5:35  SCV  
  67  5:38  Factory Reactor  
  67  5:43  Medivac  
  67  5:48  Marine x5, SCV x3  
  77  5:52  Medivac  
  77  5:55  Supply Depot x2  
  79  6:00  SCV  
  79  6:02  SCV x2  
  82  6:05  Marine x3  
  82  6:09  Barracks Reactor  
  82  6:10  Barracks Reactor  
  85  6:16  Marine, SCV x2  
  89  6:18  Supply Depot  
  89  6:21  Supply Depot  
  89  6:23  Marine  
  89  6:24  Supply Depot  
  89  6:25  Medivac x2  
  94  6:28  SCV  
  94  6:29  Terran Infantry Armor Level 2  
  94  6:30  Terran Infantry Weapons Level 2  
  94  6:32  Marine x3  
  96  6:34  Marine, SCV  
  96  6:37  Refinery  
  96  6:38  Factory  
  99  6:44  Supply Depot  
  99  6:45  Marine x3  
  99  6:46  Supply Depot  
  102  6:47  Marine  
  102  6:49  Supply Depot, Marine  
  102  6:50  Marine  
  105  6:56  Marine  
  105  6:57  Marine  
  105  7:00  Hellbat  
  105  7:01  Hellbat  
  111  7:02  Medivac x2  
  109  7:16  Marine  
  109  7:17  Marine x7  
  109  7:19  Marauder  
  116  7:30  Factory Tech Lab  
  116  7:34  Marine  
  116  7:35  Marine x7  
  123  7:39  Factory Tech Lab  
  123  7:40  Marauder  
  123  7:49  Concussive Shells  
  123  7:50  Siege Tank  
  120  7:52  Marine  
  120  7:53  Marine x5  
  120  7:56  Marine x2  
  128  8:00  Barracks  
  128  8:02  Marauder  
  128  8:03  Supply Depot x2, Barracks x2  
  130  8:06  Supply Depot  
  130  8:10  Siege Tank  
  130  8:20  Marine  
  130  8:22  Medivac x2  
  130  8:23  Marauder, Siege Tank  
  140  8:29  Marine  
  140  8:30  Marine x6  
  147  8:38  Marine  
  147  8:39  Terran Vehicle Weapons Level 1  
  147  8:45  Marauder  
  147  8:46  Command Center  
  147  8:47  Marine  
  147  8:48  Marine x2  
  151  8:50  Barracks Tech Lab x2  
  151  8:59  Barracks Tech Lab  
  151  9:04  Siege Tank  
  151  9:05  Siege Tank  
  151  9:06  Marauder  
  158  9:14  Marauder  
  158  9:16  Terran Infantry Armor Level 3  
  160  9:20  Supply Depot, Marine x2  
  160  9:23  Terran Infantry Weapons Level 3  
  162  9:25  SCV  
  162  9:26  Marine x4  
  162  9:27  Marauder x3  
  173  9:38  Siege Tank, Marauder  
  175  9:44  Siege Tank  
  181  9:46  Marine x2  
  181  9:47  Marine x6  
  181  9:48  Marine, Marauder x2  
  181  9:50  Refinery  
  181  9:51  Supply Depot  
  194  9:59  Marine  
  195  10:03  Marine  
  172  10:10  Marauder  
  160  10:19  Marauder  
  161  10:38  Medivac x2, Siege Tank x2  
  171  10:43  Marine, Marauder  
  171  10:44  Marauder x3  
  180  11:01  Marine  
  180  11:02  Marine x7  
  188  11:04  Marauder  
  188  11:05  Marauder x3  
  188  11:06  Planetary Fortress  
  188  11:08  Liberator  
  196  11:13  Medivac  
  196  11:18  Starport, Missile Turret  
  192  11:26  Marauder  
  169  11:43  Missile Turret  
  169  11:46  Marine  
  169  11:47  Marine x2  
Tags
 
Add a new tag
Caveats
  • Supply blocks, unpowered buildings, or Contaminate may cause inaccurate times.
  • Supply counts are checked every 10 seconds.